 Dungeon Crawl Stone Soup version 0.28-a0-172-g787e458d71 (webtiles) character file.

Game seed: 15095254673952151006

169 pokeman the Magician (level 5, 0/29 HPs)
             Began as a Deep Elf Hedge Wizard on Aug 16, 2021.
             Slain by a quokka (1 damage)
             ... on level 2 of the Dungeon.
             The game lasted 00:06:20 (2587 turns).

pokeman the Magician (Deep Elf Hedge Wizard)        Turns: 2587, Time: 00:06:21

Health: 0/29       AC:  3    Str:  7    XL:     5   Next: 25%
Magic:  4/15       EV: 12    Int: 20    God:
Gold:   55         SH:  0    Dex: 14    Spells: 4/16 levels left

rFire   . . .      SeeInvis .   g - +0 whip (venom)
rCold   . . .      Faith    .   (no shield)
rNeg    . . .      Spirit   .   m - +0 leather armour
rPois   .          Reflect  .   c - +0 hat
rElec   .          Harm     .   (no cloak)
rCorr   .          Rampage  .   (no gloves)
Will    .....                   (no boots)
Stlth   ++........              (no amulet)
HPRegen 0.09/turn               (no ring)
MPRegen 0.14/turn               (no ring)

@: no status effects
A: no striking features
a: no special abilities


You were on level 2 of the Dungeon.
You visited 1 branch of the dungeon, and saw 3 of its levels.

You collected 55 gold pieces.

Inventory:

Hand Weapons
 g - a +0 whip of venom (weapon)
Missiles
 i - 21 bolts
Armour
 c - a +0 hat (worn)
 m - a +0 leather armour (worn)
Magical Staves
 a - a staff of conjuration
 d - a staff of earth
Scrolls
 e - a scroll of noise {unknown}
 f - 2 scrolls of identify {unknown}
 j - a scroll of teleportation {unknown}
 l - a scroll of fog {unknown}
Potions
 b - a potion of curing {unknown}
 h - a potion of haste {unknown}
 k - a potion of heal wounds {unknown}


   Skills:
 - Level 1.0 Fighting
 - Level 1.0 Armour
 - Level 3.0 Dodging
 + Level 2.6 Stealth
 * Level 6.1 Spellcasting
 + Level 2.6 Conjurations
 - Level 1.1 Summonings
 - Level 1.1 Translocations
 - Level 1.1 Fire Magic
 + Level 0.3 Air Magic


You had 4 spell levels left.
You knew the following spells:

 Your Spells              Type           Power      Damage    Failure   Level
a - Magic Dart            Conj           64%        1d6       5%          1
b - Mephitic Cloud        Conj/Pois/Air  10%        N/A       30%         3
c - Call Imp              Summ           10%        N/A       14%         2
d - Blink                 Tloc           N/A        N/A       14%         2
e - Conjure Flame         Conj/Fire      13%        6-21      21%         3
f - Foxfire               Conj/Fire      52%        2x1d6     7%          1

Your spell library contained the following spells:

 Spells                   Type           Power      Damage    Failure   Level
 Corpse Rot               Necr/Air       N/A        N/A       22%         2
 Slow                     Hex            6%         N/A       22%         2
 Inner Flame              Hex/Fire       8%         N/A       34%         3
 Dispel Undead            Necr           6%         3d8       83%         4
 Death Channel            Necr           3%         N/A       100%        6


Dungeon Overview and Level Annotations

Branches:
Dungeon (3/15)

Altars:
Trog

Annotations:
D:3 Grinder


Message History

Unknown command.
Casting: Foxfire (safe; 7% risk of failure)
Confirm with . or Enter, or press ? or * to list all spells.
You conjure some foxfire!
The quokka closely misses you. Natasha closely misses you.
The orc closely misses you. The orc wizard closely misses you.
The orc wizard laughs crazily.
The shadow imp hits you.
The crimson imp blinks!
Unknown command.
You hit Natasha but do no damage.
Natasha is poisoned.
Natasha is severely wounded.
The foxfire hits Natasha.
Natasha is almost dead.
The foxfire hits the shadow imp.
The shadow imp is moderately wounded.
The quokka closely misses you.
Grinder opens the door.
Natasha casts a spell at you. You resist with some effort.
The orc closely misses you.
The orc wizard hits you with a +0 dagger.
* * * LOW HITPOINT WARNING * * *
The orc wizard hits Natasha with a +0 dagger.
Natasha is killed!
Natasha growls in agony!
The shadow imp disappears in a puff of smoke!
The quokka bites you but does no damage.
The orc hits you with a +0 club.
* * * LOW HITPOINT WARNING * * *
The orc wizard hits you but does no damage.
The quokka closely misses you.
You climb upwards.
There is a stone staircase leading down here.
Unknown command.
Unknown command.
The orc barely misses you.
Casting: Foxfire (safe; 7% risk of failure)
Confirm with . or Enter, or press ? or * to list all spells.
You conjure some foxfire!
The orc hits you with a +0 club.
* * * LOW HITPOINT WARNING * * *
The quokka bites you.
You die...

#########
######
#.......#
#.....
#......)#
#.####
#.....or#
#.#
#......@#
#.#
#.....vv#
#.##
#...)...#
#..#
#.......#
##.#
#.......##
#.#
#........##
#.#
####.###..#
#.# #.#
##.# #.#
#.# #.# #.#


You could see an orc (ally target) and a quokka (ally target).

Vanquished Creatures
  An orc priest (D:3)
  Natasha (D:3)
  4 adders
  A worm (D:2)
  2 dart slugs
  7 orcs (D:3)
  10 ball pythons
  4 endoplasms
  A giant cockroach (D:1)
  6 goblins
  A hobgoblin (D:2)
  5 kobolds
  4 quokkas
  7 bats
  7 frilled lizards
  2 rats (D:1)
63 creatures vanquished.

Vanquished Creatures (others)
  111 foxfires
111 creatures vanquished.

Grand Total: 174 creatures vanquished

Notes
Turn   | Place    | Note
-------+----------+-------------------------------------------
     0 | D:1      | pokeman the Deep Elf Hedge Wizard began the quest for the
                  | Orb.
     0 | D:1      | Reached XP level 1. HP: 10/10 MP: 7/7
   246 | D:1      | Reached XP level 2. HP: 16/16 MP: 5/9
   377 | D:1      | Found a faded altar of an unknown god.
   878 | D:1      | Reached skill level 5 in Spellcasting
   999 | D:1      | Reached XP level 3. HP: 20/20 MP: 9/11
  1003 | D:1      | Learned a level 3 spell: Mephitic Cloud
  1006 | D:1      | Learned a level 2 spell: Call Imp
  1009 | D:1      | Learned a level 2 spell: Blink
  1015 | D:1      | Learned a level 3 spell: Conjure Flame
  1017 | D:1      | Learned a level 1 spell: Foxfire
  1480 | D:2      | Reached skill level 1 in Armour
  1602 | D:2      | Reached skill level 1 in Fighting
  1976 | D:2      | Reached XP level 4. HP: 24/25 MP: 4/13
  2215 | D:3      | Found a bloodstained altar of Trog.
  2215 | D:3      | Noticed Natasha
  2361 | D:3      | Noticed Grinder
  2455 | D:3      | Reached skill level 1 in Fire Magic
  2456 | D:3      | Reached skill level 6 in Spellcasting
  2457 | D:3      | Reached XP level 5. HP: 29/29 MP: 0/15
  2583 | D:3      | Killed Natasha
  2587 | D:2      | HP: 1/29 [orc (4)]
  2587 | D:2      | Slain by a quokka

Illustrated notes

Levels and vault maps discovered:
D:1:      giann_bridges, layout_loops_ring,
          hellmonk_ecumenical_altar_heavens_door
D:2:      layout_rooms
D:3:      layout_basic, nzn_wu_jian_council_hall, mainiacjoe_overflow_brackets,
          uniq_jessica, uniq_crazy_yiuf_cottage, uniq_grinder, uniq_natasha

Skill      XL: |  1  2  3  4 |
---------------+-------------+-----
Spellcasting   | 5 6 |  6.1
Armour         | 1 |  1.0
Fighting       | 1 |  1.0
Conjurations   | 2 |  2.6
Dodging        | 3 |  3.0
Fire Magic     | 1 |  1.1
Stealth        | |  2.6
Summonings     | |  1.1
Translocations | |  1.1
Air Magic      | |  0.3

Action                   |  1- 3 |  4- 6 || total
-------------------------+-------+-------++-------
Melee: Whip              |     1 |    13 ||    14
 Cast: Magic Dart        |    59 |       ||    59
       Foxfire           |    30 |    33 ||    63
       Mephitic Cloud    |       |     3 ||     3
       Call Imp          |       |     1 ||     1
Armor: Robe              |     4 |       ||     4
       Leather armour    |       |     7 ||     7
Dodge: Dodged            |    15 |    23 ||    38

Table legend: (Time is in decaauts)
 A = Elapsed time spent in this place.
 B = Non-inter-level travel time spent in this place.
 C = Inter-level travel time spent in this place.
 D = Time resting spent in this place.
 E = Time spent auto-exploring this place.
 F = Levels seen in this place.
 G = Mean time per level.
                   A        B        C        D        E       F      G
               +--------+--------+--------+--------+--------+-----+--------+
         Total |   2592 |   2449 |    143 |    272 |   1853 |   3 |  864.0 |
       Dungeon |   2592 |   2449 |    143 |    272 |   1853 |   3 |  864.0 |
               +--------+--------+--------+--------+--------+-----+--------+

Top non-repeatable levels by time:
     D:1: 1393 daAuts
     D:2: 1077 daAuts
     D:3: 120 daAuts
